 Dungeon Crawl Stone Soup version 0.30-a0-743-gbfdf073431 (webtiles) character file.

Game seed: 10372552448492888807

1581887 ParallaxScroll the Slayer (level 26, 211/211 HPs)
             Began as a Minotaur Fighter on Feb 7, 2023.
             Was the Champion of Dithmenos.
             Escaped with the Orb
             ... and 3 runes on Feb 8, 2023!
             The game lasted 06:48:11 (78855 turns).

ParallaxScroll the Slayer (Minotaur Fighter)       Turns: 78855, Time: 06:48:11

Health: 211/211    AC: 51    Str: 35    XL:     26   Next: 69%
Magic:  30/30      EV: 14    Int:  5    God:    Dithmenos [******]
Gold:   4560       SH: 16    Dex: 15    Spells: 25/25 levels left

rFire   + . .      SeeInvis +    a - +4 broad axe of Hahunk {speed, Str+5 Stlth+}
rCold   + . .      Faith    .    K - +0 kite shield {reflect}
rNeg    . . .      Spirit   .    Z - +10 gold dragon scales
rPois   +          Reflect  +    (helmet restricted)
rElec   .          Harm     .    D - +5 cloak "Keul" {Drain Fly Dex+2}
rCorr   .          Rampage  .    R - +1 pair of gloves
Will    ++...                    N - +2 pair of boots Stlth
                                 b - amulet "Itypag" {Regen+ Dex+4}
HPRegen 1.35/turn                S - ring of willpower
MPRegen 0.22/turn                T - ring of see invisible

@: flying, hasted, wreathed by umbra, studying 2 skills, very quick
A: horns 2, retaliatory headbutt, camouflage 1, clumsy 2, deterioration 1, frail
2, poison resistance, shaggy fur 1, subdued magic 1
0: Orb of Zot
}: 3/15 runes: decaying, silver, gossamer
a: Renounce Religion, Shadow Step, Shadow Form


You escaped.
You worshipped Dithmenos.
Dithmenos was exalted by your worship.
You visited 11 branches of the dungeon, and saw 51 of its levels.
You visited the Abyss 1 time.
You also visited: Wizlab.

You collected 8108 gold pieces.
You spent 3548 gold pieces at shops.

Inventory:

Hand Weapons
 a - the +4 broad axe of Hahunk (weapon) {speed, Str+5 Stlth+}
   (You found it on level 4 of the Swamp)

   Str:       It affects your strength (+5).
   Stlth:     It makes you more stealthy.
Missiles
 d - 3 silver boomerangs
 f - 6 boomerangs
 u - 18 silver javelins (quivered)
 O - a throwing net
 Q - 8 javelins
Armour
 D - the +5 cloak "Keul" (worn) {Drain Fly Dex+2}
   (You acquired it on level 3 of the Vaults)

   Dex:       It affects your dexterity (+2).
   Fly:       It grants you flight.
   Drain:     It drains your maximum health when unequipped.
 F - a +0 hat of willpower
 K - a +0 kite shield of reflection (worn)
 N - a +2 pair of boots (worn)
 R - a +1 pair of gloves (worn)
 Z - +10 gold dragon scales (worn)
Jewellery
 b - the amulet "Itypag" (around neck) {Regen+ Dex+4}
   (You took it off a vault guard on level 5 of the Vaults)

   [amulet of regeneration]

   Dex:       It affects your dexterity (+4).
   Regen:     It increases your rate of health regeneration.
 g - the ring "Ytrigh" {Fly rN+ Int+3}
   (You found it on level 3 of the Crypt)

   [ring of positive energy]

   Int:       It affects your intelligence (+3).
   rN:        It protects you from negative energy.
   Fly:       It grants you flight.
 q - a ring of resist corrosion
 E - the ring "Miexinerr" {AC+4 Dex+3}
   (You bought it in a shop on level 4 of the Vaults)

   [ring of protection]

   AC:        It affects your AC (+4).
   Dex:       It affects your dexterity (+3).
 S - a ring of willpower (left hand)
 T - a ring of see invisible (right hand)
 W - the ring of Umonk {rElec Str+4 Dex+6}
   (You took it off an orc on level 5 of the Dungeon)

   [ring of dexterity]

   Str:       It affects your strength (+4).
   Dex:       It affects your dexterity (+6).
   rElec:     It insulates you from electricity.
Wands
 e - a wand of mindburst (39)
 w - a wand of roots (37)
 C - a wand of charming (43)
 G - a wand of polymorph (25)
 H - a wand of acid (24)
 X - a wand of digging (11)
Scrolls
 h - a scroll of enchant weapon
 l - 3 scrolls of silence
 s - 12 scrolls of immolation
 x - 3 scrolls of blinking
 y - 10 scrolls of fear
 L - 8 scrolls of fog
 U - 26 scrolls of teleportation
 Y - 7 scrolls of vulnerability
Potions
 c - a potion of might
 i - 4 potions of cancellation
 j - 8 potions of attraction
 k - 10 potions of magic
 m - 15 potions of heal wounds
 n - 7 potions of resistance
 o - 16 potions of curing
 r - 3 potions of lignification
 t - 9 potions of ambrosia
 v - 3 potions of berserk rage
 z - 2 potions of haste
 A - 6 potions of invisibility
 I - 11 potions of mutation
Miscellaneous
 p - a box of beasts
 B - a lightning rod (4/4)
 J - a condenser vane
 M - a phial of floods
 P - a tin of tremorstones (2/2)
 V - a phantom mirror


   Skills:
 + Level 26.4 Fighting
 - Level 18.3(20.0) Axes
 - Level 13.4(17.6) Maces & Flails
 - Level 20.0 Throwing
 - Level 26.0 Armour
 - Level 13.0 Dodging
 - Level 22.0 Shields
 - Level 11.0 Invocations
 - Level 15.0 Evocations


You had 25 spell levels left.
You didn't know any spells.
Your spell library contained the following spells:

 Spells                   Type           Power      Damage    Failure   Level
 Apportation              Tloc           0%         N/A       96%         1
 Beastly Appendage        Tmut           0%         N/A       96%         1
 Foxfire                  Conj/Fire      0%         2x1d4     96%         1
 Freeze                   Ice            0%         1d3       96%         1
 Magic Dart               Conj           0%         1d3       96%         1
 Necrotise                Necr           0%         1d4       96%         1
 Sandblast                Erth           0%         2d4       96%         1
 Slow                     Hex            0%         N/A       96%         1
 Sting                    Tmut/Pois      0%         1d3       96%         1
 Blink                    Tloc           0%         N/A       99%         2
 Cigotuvi's Dreadful Rot  Necr/Pois/Air  0%         N/A       99%         2
 Ensorcelled Hibernation  Hex/Ice        0%         N/A       99%         2
 Lesser Beckoning         Tloc           0%         N/A       99%         2
 Momentum Strike          Conj/Tloc      0%         3d8       99%         2
 Passwall                 Tmut/Erth      0%         N/A       99%         2
 Poisonous Vapours        Pois/Air       0%         N/A       99%         2
 Scorch                   Fire           0%         2d5       99%         2
 Searing Ray              Conj           0%         2d4       99%         2
 Sublimation of Blood     Necr           0%         N/A       99%         2
 Wereblood                Tmut           0%         N/A       99%         2
 Call Canine Familiar     Summ           0%         N/A       100%        3
 Confusing Touch          Hex            0%         N/A       100%        3
 Gell's Gravitas          Tloc           0%         N/A       100%        3
 Hailstorm                Conj/Ice       0%         3d3       100%        3
 Ignite Poison            Fire/Tmut/Pois 0%         N/A       100%        3
 Inner Flame              Hex/Fire       0%         N/A       100%        3
 Kindle Blastsparks       Fire/Tloc/Air  0%         2d10      100%        3
 Mephitic Cloud           Conj/Pois/Air  0%         N/A       100%        3
 Ozocubu's Armour         Ice            0%         N/A       100%        3
 Portal Projectile        Hex/Tloc       0%         N/A       100%        3
 Spider Form              Tmut/Pois      0%         N/A       100%        3
 Stone Arrow              Conj/Erth      0%         3d7       100%        3
 Summon Guardian Golem    Hex/Summ       0%         N/A       100%        3
 Swiftness                Air            0%         N/A       100%        3
 Teleport Other           Tloc           0%         N/A       100%        3
 Tukima's Dance           Hex            0%         N/A       100%        3
 Vampiric Draining        Necr           0%         2d6       100%        3
 Vhi's Electric Charge    Tloc/Air       0%         N/A       100%        3
 Airstrike                Air            0%         2d(0-16)  100%        4
 Anguish                  Hex/Necr       0%         N/A       100%        4
 Animate Armour           Summ/Erth      0%         N/A       100%        4
 Animate Dead             Necr           0%         N/A       100%        4
 Cause Fear               Hex            0%         N/A       100%        4
 Dispel Undead            Necr           0%         3d6       100%        4
 Flame Wave               Conj/Fire      0%         2d4       100%        4
 Fulminant Prism          Conj/Hex       0%         3d5       100%        4
 Ice Form                 Ice/Tmut       0%         N/A       100%        4
 Leda's Liquefaction      Hex/Erth       0%         N/A       100%        4
 Manifold Assault         Tloc           0%         N/A       100%        4
 Olgreb's Toxic Radiance  Pois           0%         N/A       100%        4
 Petrify                  Tmut/Erth      0%         N/A       100%        4
 Sticky Flame             Conj/Fire      0%         2d3       100%        4
 Summon Lightning Spire   Summ/Air       0%         N/A       100%        4
 Agony                    Necr           0%         N/A       100%        5
 Alistair's Intoxication  Tmut/Pois      0%         N/A       100%        5
 Arcjolt                  Conj/Air       0%         1d10      100%        5
 Blade Hands              Tmut           0%         N/A       100%        5
 Borgnjor's Vile Clutch   Necr/Erth      0%         N/A       100%        5
 Fireball                 Conj/Fire      0%         3d3       100%        5
 Freezing Cloud           Conj/Ice/Air   0%         6-21      100%        5
 Irradiate                Conj/Tmut      0%         3d11      100%        5
 Iskenderun's Battlesphe  Conj           0%         2d6       100%        5
 Lightning Bolt           Conj/Air       0%         1d11      100%        5
 Metabolic Englaciation   Hex/Ice        0%         N/A       100%        5
 Yara's Violent Unravell  Hex/Tmut       0%         3d3       100%        5
 Conjure Ball Lightning   Conj/Air       0%         3x3d6     100%        6
 Death Channel            Necr           0%         N/A       100%        6
 Eringya's Noxious Bog    Tmut/Pois      0%         N/A       100%        6
 Iron Shot                Conj/Erth      0%         9d1       100%        6
 Simulacrum               Ice/Necr       0%         N/A       100%        6
 Starburst                Conj/Fire      0%         6d3       100%        6
 Statue Form              Tmut/Erth      0%         N/A       100%        6
 Dragon Form              Tmut           0%         N/A       100%        7
 Enfeeble                 Hex            0%         N/A       100%        7
 Haunt                    Necr/Summ      0%         N/A       100%        7
 Orb of Destruction       Conj           0%         9d5       100%        7
 Ozocubu's Refrigeration  Ice            0%         4d7       100%        7
 Spellforged Servitor     Conj/Summ      0%         N/A       100%        7
 Storm Form               Tmut/Air       0%         N/A       100%        7
 Summon Hydra             Summ           0%         N/A       100%        7
 Borgnjor's Revivificati  Necr           0%         N/A       100%        8
 Discord                  Hex            0%         N/A       100%        8
 Ignition                 Fire           0%         3d3       100%        8
 Infestation              Necr           0%         N/A       100%        8
 Lehudib's Crystal Spear  Conj/Erth      0%         10d2      100%        8
 Necromutation            Tmut/Necr      0%         N/A       100%        8
 Summon Horrible Things   Summ           0%         N/A       100%        8
 Chain Lightning          Conj/Air       0%         N/A       100%        9
 Death's Door             Necr           0%         N/A       100%        9
 Fire Storm               Conj/Fire      0%         5d1       100%        9
 Polar Vortex             Ice            0%         N/A       100%        9
 Shatter                  Erth           0%         3d5*      100%        9


Dungeon Overview and Level Annotations

Branches:
Dungeon (15/15)            Temple (1/1) D:6            Lair (5/5) D:11
  Swamp (4/4) Lair:3       Spider (4/4) Lair:2        Slime (0/5) Lair:4
    Orc (2/2) D:9             Elf (3/3) Orc:2        Vaults (5/5) D:14
  Crypt (3/3) Vaults:2       Tomb (0/3) Crypt:3      Depths (4/4) D:15
    Zot (5/5) Depths:4     WizLab (visited)

Altars:
Ashenzari
Dithmenos
Elyvilon
Fedhas
Gozag
Kikubaaqudgha
Makhleb
Nemelex Xobeh
Okawaru
Trog
Vehumet
Wu Jian
Xom
Yredelemnul
Jiyva
Lugonu

Shops:
D:2 ((   D:5 *   D:9 :   D:11 *   D:12 (   Orc:1 **   Orc:2 *=([   Vaults:4 =
Depths:1 :   Depths:3 [

Portals:
Hell: Lair:5 Depths:1 Depths:2 Depths:3 Depths:4
Abyss: Depths:3 Depths:4
Pandemonium: Depths:2 Depths:3
Ziggurat: Depths:4
Trove: Depths:2 (give +3 fire dragon scales)

Annotations:
D:12 exclusion: upstairs
D:13 exclusion: upstairs
Lair:1 2 transporters, Poahonk's ghost, journeyman TrCK
Swamp:4 3 runed translucent doors, Fumiod's ghost, adept DjFE
Spider:3 1 runed translucent door, Qyphoemu's ghost, adept GnTm
Elf:1 6 runed translucent doors
Depths:3 1 exclusion
Zot:5 1 exclusion


Innate Abilities, Weirdness & Mutations

You have a pair of horns on your head.
You reflexively headbutt those who attack you in melee.
Your skin changes colour to match your surroundings (Stealth+).
You are very clumsy. (Dex -4)
Your body sometimes deteriorates upon taking damage.
You are very frail. (-20% HP)
Your system is resistant to poisons. (rPois)
You are covered in fur. (AC +1)
Your spells are a little easier to cast, but a little less powerful.


Message History

The hellion gestures at you.
The sphere of damnation explodes!
The damnation engulfs you!! The hellion barely misses you.
You furiously retaliate!
You headbutt the hellion!! You slice the hellion!!
You kill the hellion!
Dithmenos accepts your kill.
Aiming: Dig
Press: ? - help, Shift-Dir - straight line A rock wall.
This square is wreathed by an umbra and is covered in magical glow.
The rock shatters into small pieces.
There is an open door here.
You feel a little less mighty now.
There is a stone staircase leading up here.
You are no longer corroded.
There is an open door here.
Your magic seems less tainted.
HP restored.
There is a stone staircase leading up here.
You fly upwards.
There is a stone staircase leading down here.
A demonspawn corrupter and a demonspawn blood saint come into view.
You feel yourself speed up.
You hear a grinding noise.
A cacodemon comes into view.
Blink to where?
Press: ? - help, Dir - move target
As you read the scroll of blinking, it crumbles to dust.
You hear a grinding noise.
The cacodemon moves out of view.
You hear a grinding noise.
You see here a +0 dagger.
You hear a grinding noise.
You hear a grinding noise.
You hear a grinding noise.
You hear a grinding noise.
You hear a grinding noise.
There is a staircase leading out of the dungeon here.
You have escaped!

#.# #.# #.#
#######.#
########....##.##
#§..............#
#≈≈..§.§§...###.#
#≈≈≈≈§≈≈§§......#
#≈≈≈≈§≈≈≈...#@..#
#≈§§§≈≈≈≈≈§.##..#
#≈≈§≈§≈≈§≈§.....#
#≈≈§§≈≈§§≈§.....#
#§≈≈≈≈§§≈≈≈.§...#
#≈§≈≈§≈≈≈≈≈§...##
# ≈§≈≈≈≈≈≈≈....#
§≈§≈≈≈§§≈≈..#
≈§≈≈≈§≈≈≈..#


There were no monsters in sight!

Vanquished Creatures
  6 orbs of fire
  5 dread liches
  6 ancient liches
  Boris (twice) (Vaults:5 Crypt:1)
  Sojobo (Depths:3)
  Bai Suzhen (Spider:4)
  2 Killer Klowns (Zot:5)
  Frederick (Vaults:5)
  Parghit (Zot:1)
  the Lernaean hydra (Swamp:4)
  Xtahua (Crypt:1)
  Saint Roka (Depths:2)
  9 golden dragons
  A curse toe (Zot:1)
  4 bone dragons
  Hellbinder (WizLab)
  A profane servitor (Abyss:3)
  A doom hound (Depths:2)
  Jory (Depths:2)
  2 Tzitzimimeh
  5 electric golems (Zot:5)
  Arachne (Spider:4)
  18 tentacled monstrosities
  Zenata (Crypt:3)
  24 Orb Guardians (Zot:5)
  8 titans
  3 liches
  2 deep elf master archers (Elf:3)
  4 quicksilver dragons
  A walking frostbound tome (Depths:4)
  Asterion (Depths:1)
  3 deep elf blademasters
  4 sphinxes
  5 ancient champions
  A kraken (Abyss:3)
  8 death cobs
  12 storm dragons
  Kirke (Lair:5)
  8 acid blobs (Zot:1)
  Donald (Swamp:1)
  6 tengu reavers
  5 draconian monks
  15 shadow dragons
  2 demonspawn warmongers (D:2)
  A revenant (Crypt:3)
  An azure jelly (D:15)
  6 draconian scorchers
  5 emperor scorpions
  9 fire giants
  5 frost giants
  4 draconian knights
  13 vault wardens
  4 balrugs
  3 iron dragons
  Aizul (Swamp:4)
  10 ghost moths
  3 spectral caustic shrikes (Depths:2)
  A spectral juggernaut (Depths:2)
  2 curse skulls (Crypt:2)
  6 deep elf sorcerers
  9 ghouls
  6 draconian stormcallers
  5 deep elf elementalists (Elf:3)
  5 reapers
  5 draconian shifters
  4 orc warlords
  15 ironbound preservers
  5 draconian annihilators
  2 war gargoyles (Vaults:5)
  3 juggernaut skeletons
  2 broodmothers
  3 cacodemons
  5 ironbound thunderhulks
  8 vampire knights
  13 stone giants
  26 very ugly things
  7 green draconians
  2 eleionomae (Swamp:1)
  8 deep elf demonologists
  4 lorocyprocas
  6 deep elf annihilators (Elf:3)
  A bunyip (Swamp:3)
  9 red draconians
  15 black draconians
  4 white draconians
  10 purple draconians
  13 dire elephants
  18 deep elf death magi
  13 spark wasps
  19 yellow draconians
  8 eidola
  10 ettins
  5 green deaths
  3 entropy weavers
  10 fire dragons
  6 deep elf high priests
  11 jiangshi
  18 yaktaur captains
  A salamander tyrant (Depths:1)
  6 hell beasts
  A spriggan zombie (Depths:2)
  3 great orbs of eyes
  31 vault guards
  A spectral shadow dragon (Depths:2)
  23 hydras
  6 ice dragons
  An ogre mage (Vaults:5)
  10 centaur warriors
  5 ghost crabs
  6 boulder beetles
  A jorogumo (Spider:3)
  2 juggernaut simulacra (Depths:2)
  A caustic shrike simulacrum (Depths:2)
  A spriggan air mage (Depths:3)
  A death knight (Crypt:2)
  7 ironbound frosthearts
  10 alligators
  4 two-headed ogres
  23 dancing weapons
  5 deep troll shamans
  2 death scarabs (Spider:2)
  A tengu warrior (Depths:1)
  4 death yaks (Lair:4)
  An anaconda (shapeshifter) (Vaults:5)
  10 vampire magi
  A spectral fire giant (Depths:2)
  8 deep troll earth magi
  A thrashing horror (Abyss:3)
  5 orc high priests
  4 spriggan berserkers
  4 sun demons
  25 deep elf knights
  A titan skeleton (Depths:2)
  17 hell knights
  3 soul eaters
  The ghost of hbarley the Cleaver, a novice HOFi of Uskayaw (D:6)
  A salamander mystic (Depths:1)
  20 skeletal warriors
  2 sun moths (Spider:4)
  Amaemon (Lair:1)
  A fire crab (Abyss:3)
  7 sixfirhies
  8 iron trolls
  6 goliath frogs
  5 shadow wraiths
  4 pharaoh ants
  A spatial maelstrom (Abyss:3)
  A cherub (Zot:4)
  2 shadow demons
  A spectral spark wasp (Depths:2)
  A shadow dragon zombie (Depths:2)
  3 glowing orange brains
  A golden dragon zombie (Depths:2)
  8 steelbarb worms
  7 flayed ghosts
  10 swamp dragons
  2 obsidian statues
  3 spriggan druids
  67 deep trolls
  7 wizards
  2 tengu zombies
  15 deep elf archers
  8 orb spiders
  A steelbarb worm (shapeshifter) (Vaults:5)
  13 bog bodies
  5 lindwurms
  21 ironbound convokers
  28 deep elf zephyrmancers
  12 phantasmal warriors
  25 deep elf pyromancers
  7 necromancers
  14 orc knights
  40 ugly things
  6 salamanders
  A shadow dragon skeleton (Depths:2)
  6 oklob plants (Zot:1)
  21 wolf spiders
  6 cyclopes
  6 orc sorcerers
  3 will-o-the-wisps
  22 moths of wrath
  A shock serpent zombie (Crypt:1)
  A toenail golem (Zot:1)
  5 manticores
  A dire elephant zombie (Crypt:3)
  A stone giant skeleton (Depths:2)
  2 eyes of devastation (shapeshifter)
  An iron dragon skeleton (Depths:2)
  2 black mambas (Lair:1)
  6 elephants (Lair:4)
  3 rust devils
  A titan simulacrum (Depths:2)
  11 demonic crawlers
  A guardian serpent (shapeshifter) (Vaults:5)
  10 torpor snails
  10 vault sentinels
  12 cane toads
  5 smoke demons
  A dire elephant skeleton (Crypt:2)
  A purple draconian zombie (Crypt:1)
  A storm dragon simulacrum (Depths:2)
  Psyche (D:8)
  5 komodo dragons
  4 unseen horrors
  5 rime drakes
  An efreet (D:13)
  A naga skeleton (Crypt:3)
  7 orange demons
  2 gargoyles
  8 freezing wraiths
  2 kobold demonologists
  30 yaktaurs
  An anaconda simulacrum (Crypt:3)
  5 guardian mummies (Crypt:3)
  A death yak skeleton (Crypt:2)
  A green draconian zombie (Crypt:3)
  A hellion (D:2)
  3 tormentors
  A golden dragon simulacrum (Depths:2)
  9 ice devils
  5 tengu conjurers
  5 red devils
  A white draconian skeleton (Crypt:2)
  2 bloated husks
  A hydra zombie (Crypt:3)
  A meliai (Lair:2)
  3 polar bears
  7 trolls
  3 ancient zymes (Abyss:3)
  2 hellwings
  A tengu simulacrum (Depths:2)
  7 hornets
  A sphinx simulacrum (Depths:2)
  10 tyrant leeches
  20 tarantellas
  Grinder (D:5)
  A dream sheep (shapeshifter) (Vaults:5)
  25 blink frogs
  8 raiju (Abyss:3)
  A guardian serpent zombie (Crypt:1)
  A jumping spider zombie (Crypt:1)
  4 dream sheep (Lair:5)
  25 slime creatures
  22 jumping spiders
  2 water elementals
  5 air elementals
  2 flying skulls
  A shadow (D:12)
  4 wraiths
  13 culicivoras
  9 ynoxinuls
  3 vampires
  3 hogs (Lair:5)
  5 spriggans
  6 wyverns
  59 yaks
  A small abomination (Abyss:3)
  3 fire elementals (Elf:1)
  A basilisk (D:14)
  A redback (shapeshifter) (Depths:1)
  3 steam dragons
  11 vampire mosquitoes
  6 chaos spawn
  34 redbacks
  4 neqoxecs
  Menkaure (D:5)
  5 wargs
  A harpy simulacrum (Crypt:3)
  23 swamp worms
  A glowing shapeshifter zombie (Depths:2)
  2 acid dragons
  17 water moccasins
  A hell hound (Lair:5)
  2 large abominations (Abyss:3)
  Duvessa (D:5)
  A floating eye (Depths:3)
  39 orc warriors
  3 sky beasts
  8 swamp drakes
  A cane toad skeleton (Crypt:1)
  3 black bears
  A spriggan simulacrum (Depths:2)
  4 wolves (Lair:5)
  A boggart (D:8)
  A wolf (shapeshifter) (Vaults:5)
  8 ogres
  14 centaurs
  An elephant skeleton (Crypt:3)
  4 lemures (D:8)
  A komodo dragon zombie (Crypt:2)
  A lindwurm skeleton (Crypt:3)
  3 phantoms
  9 bullfrogs
  4 kobold brigands
  Blork the orc (D:6)
  A wyvern zombie (Crypt:3)
  2 gnoll sergeants
  3 necrophages
  2 scorpions
  2 wights
  Dowan (D:5)
  A water moccasin skeleton (Crypt:2)
  A shapeshifter zombie (Crypt:3)
  9 killer bees
  A howler monkey (shapeshifter) (Vaults:5)
  3 howler monkeys
  A shapeshifter skeleton (Crypt:3)
  2 electric eels
  6 quasits
  4 hounds
  A human zombie (Crypt:2)
  25 jellies
  A bullfrog zombie (Crypt:1)
  2 gnoll boudas
  11 orc priests
  2 iron imps (Abyss:3)
  3 iguanas
  19 orc wizards
  5 hell rats
  A boggart skeleton (Crypt:2)
  A deep dwarf skeleton (Crypt:1)
  A hound zombie (Crypt:3)
  A boggart simulacrum (D:14)
  A hound skeleton (Crypt:3)
  7 mummies (Crypt:3)
  10 adders
  14 gnolls
  A swamp drake skeleton (Crypt:1)
  A white imp (D:5)
  3 worms
  4 dart slugs
  68 orcs
  6 ball pythons
  7 endoplasms
  4 giant cockroaches
  10 goblins
  5 hobgoblins
  3 jackals (D:3)
  6 quokkas
  15 bats
  2 frilled lizards (D:2)
  A frilled lizard zombie (Crypt:3)
  20 kobolds
  3 rats
  4 tentacles (Abyss:3)
2211 creatures vanquished.

Vanquished Creatures (collateral kills)
  An ettin (Depths:1)
  An iron giant skeleton (Crypt:3)
  An orc warrior (D:11)
  A scorpion (D:5)
  An orc priest (D:9)
  A hound (D:5)
  3 gnolls (D:9)
  A white imp (D:5)
  3 orcs
13 creatures vanquished.

Vanquished Creatures (others)
  A draconian knight (Zot:1)
  A ghost moth (Zot:3)
  A demonspawn blood saint (WizLab)
  A vault guard (Vaults:5)
  A goliath frog (Swamp:3)
  A shadow demon (Depths:3)
  A deep elf zephyrmancer (Elf:2)
  A large abomination (Abyss:3)
  2 bloated husks
  A water elemental (Elf:3)
  A swamp worm (Swamp:4)
  2 hell hounds (Lair:5)
  4 small abominations (Abyss:3)
  A gnoll sergeant (D:5)
  An orc priest (Elf:1)
  An orc wizard (Elf:1)
  3 orcs
  A bush (Swamp:4)
  A demonic plant (D:12)
  26 foxfires
  46 fungi
  31 plants
  A tentacle (Abyss:3)
130 creatures vanquished.

Grand Total: 2354 creatures vanquished

Notes
Turn   | Place    | Note
-------+----------+-------------------------------------------
     0 | D:1      | ParallaxScroll the Minotaur Fighter began the quest for the
                  | Orb.
     0 | D:1      | Reached XP level 1. HP: 19/19 MP: 0/0
   112 | D:1      | Reached XP level 2. HP: 26/26 MP: 1/1
   503 | D:1      | Found a faded altar of an unknown god.
   669 | D:2      | Reached XP level 3. HP: 31/31 MP: 2/2
   765 | D:2      | Found Ceohodias's Weapon Shop.
   824 | D:2      | Identified the +3 scale mail of Sif Muna's Benevolence
                  | {rElec rCorr Dex+4}
   918 | D:2      | Reached skill level 5 in Axes
  1205 | D:2      | Reached XP level 4. HP: 39/39 MP: 3/3
  1209 | D:2      | Found Haigh's Antique Weapon Shop.
  1725 | D:3      | Found a sparkling altar of Nemelex Xobeh.
  2454 | D:3      | Found a blossoming altar of Fedhas.
  2633 | D:4      | Reached skill level 1 in Maces & Flails
  2644 | D:4      | Reached XP level 5. HP: 37/45 MP: 4/4
  2844 | D:4      | Found a broken altar of Ashenzari.
  2846 | D:4      | Noticed a black bear
  2859 | D:4      | Killed a black bear
  2860 | D:4      | Reached skill level 5 in Maces & Flails
  2860 | D:4      | Reached XP level 6. HP: 48/51 MP: 5/5
  3267 | D:5      | Entered Level 5 of the Dungeon
  3329 | D:5      | Noticed Dowan
  3333 | D:5      | Noticed Duvessa
  3339 | D:5      | Killed Dowan
  3347 | D:5      | Noticed Menkaure
  3351 | D:5      | Killed Menkaure
  3352 | D:5      | Reached skill level 5 in Fighting
  3352 | D:5      | Reached XP level 7. HP: 13/61 MP: 6/6
  3563 | D:6      | Reached skill level 1 in Dodging
  3861 | D:5      | Found Zaatien's Assorted Antiques.
  3866 | D:5      | Bought an ivory wand for 128 gold pieces
  3866 | D:5      | Bought a fizzy silvery potion for 28 gold pieces
  3866 | D:5      | Bought a green potion for 28 gold pieces
  3919 | D:5      | Identified the +2 dagger "Jafae" {heavy, Contam Will++
                  | rCorr}
  4023 | D:5      | Noticed Grinder
  4027 | D:5      | Paralysed by Grinder for 4 turns
  4035 | D:5      | Killed Grinder
  4036 | D:5      | Reached skill level 5 in Armour
  4113 | D:5      | Noticed a troll
  4147 | D:5      | Reached XP level 8. HP: 68/68 MP: 7/7
  4150 | D:5      | Reached skill level 1 in Evocations
  4406 | D:6      | Noticed Blork the orc
  4424 | D:6      | Killed Blork the orc
  4485 | D:6      | Found a transporter.
  4497 | D:6      | Noticed hbarley's ghost (novice HOFi)
  4504 | D:6      | Found a transporter.
  4877 | D:6      | Found a staircase to the Ecumenical Temple.
  4883 | Temple   | Entered the Ecumenical Temple
  4902 | Temple   | Became a worshipper of Dithmenos the Shadowed
  5751 | D:8      | Noticed Psyche
  5787 | D:8      | Killed Psyche
  5788 | D:8      | Reached skill level 1 in Throwing
  5788 | D:8      | Reached XP level 9. HP: 42/74 MP: 8/8
  5945 | D:8      | Reached * piety under Dithmenos
  6064 | D:8      | Noticed Maggie
  6065 | D:8      | Maggie changed into Maggie the acid dragon
  6065 | D:8      | Noticed Maggie
  6074 | D:8      | Killed Maggie the acid dragon
  6075 | D:8      | Reached skill level 10 in Maces & Flails
  6190 | D:8      | Noticed Pikel
  6191 | D:8      | Pikel changed into Pikel the boggart
  6191 | D:8      | Noticed Pikel
  6228 | D:8      | Killed Pikel the boggart
  6580 | D:8      | Found a bloodstained altar of Trog.
  6741 | D:8      | Noticed a two-headed ogre
  6821 | D:5      | Killed Duvessa
  7119 | D:5      | Identified the ring of Umonk {rElec Str+4 Dex+6}
  7172 | D:5      | Killed a troll
  7173 | D:5      | Reached XP level 10. HP: 68/83 MP: 9/9
  7523 | D:8      | Killed a two-headed ogre
  7679 | D:8      | Reached ** piety under Dithmenos
  8146 | D:9      | Found Erhebuc's Tremendous Tomes.
  8166 | D:9      | Found a staircase to the Orcish Mines.
  8183 | D:9      | Reached skill level 5 in Shields
  8584 | D:9      | Noticed a two-headed ogre
  8593 | D:9      | Killed a two-headed ogre
  8818 | D:9      | Reached *** piety under Dithmenos
  8858 | D:9      | Reached XP level 11. HP: 94/94 MP: 10/10
  9199 | D:10     | Entered Level 10 of the Dungeon
  9692 | D:10     | Reached skill level 10 in Shields
  9803 | D:10     | Reached skill level 1 in Invocations
 10412 | D:11     | Found a staircase to the Lair.
 10426 | D:11     | Reached skill level 10 in Axes
 10448 | D:11     | Reached **** piety under Dithmenos
 10630 | D:11     | Noticed a two-headed ogre
 10642 | D:11     | Killed a two-headed ogre
 10761 | Lair:1   | Entered Level 1 of the Lair of Beasts
 11072 | Lair:1   | Noticed Amaemon
 11092 | Lair:1   | Killed Amaemon
 11096 | Lair:1   | Reached XP level 12. HP: 19/101 MP: 12/12
 11111 | Lair:1   | Found a transporter.
 11149 | Lair:1   | HP: 2/101 [black mamba (11)]
 11649 | Lair:1   | Noticed Poahonk's ghost (journeyman TrCK)
 11655 | Lair:1   | Found a transporter.
 11907 | Lair:2   | Noticed a five-headed hydra
 12437 | Lair:2   | Killed a five-headed hydra
 12803 | Lair:2   | Found a hole to the Spider Nest.
 13164 | Lair:2   | You fall into a shaft and drop 2 floors!
 13258 | Lair:3   | Noticed a death yak
 13510 | Lair:4   | Reached skill level 10 in Armour
 13649 | Lair:4   | Found a staircase to the Slime Pits.
 13649 | Lair:4   | Found a viscous altar of Jiyva.
 14340 | Lair:3   | Noticed a death yak
 14340 | Lair:3   | Noticed a death yak
 14341 | Lair:3   | Noticed a death yak
 14352 | Lair:4   | Killed a death yak
 14353 | Lair:4   | Reached skill level 5 in Dodging
 14496 | Lair:4   | Killed a death yak
 14497 | Lair:4   | Reached skill level 5 in Evocations
 14546 | Lair:4   | Killed a death yak
 14618 | Lair:4   | Killed a death yak
 14618 | Lair:4   | Reached ***** piety under Dithmenos
 14877 | Lair:3   | Reached XP level 13. HP: 82/107 MP: 13/13
 15768 | Lair:3   | Found a staircase to the Swamp.
 16021 | Lair:5   | Entered Level 5 of the Lair of Beasts
 16102 | Lair:5   | Reached skill level 10 in Fighting
 16833 | Lair:5   | Reached skill level 15 in Axes
 17160 | Lair:5   | Noticed Kirke
 17174 | Lair:5   | Killed Kirke
 17174 | Lair:5   | Reached ****** piety under Dithmenos
 17254 | Lair:5   | Found a burning altar of Makhleb.
 17270 | Lair:5   | Reached XP level 14. HP: 100/124 MP: 14/14
 17869 | Lair:5   | Found a gateway to Hell.
 18621 | D:11     | Found Gac Ases's General Store.
 19349 | D:12     | Found Qiopoys's Antique Weapon Boutique.
 19541 | D:11     | Bought a scroll of teleportation for 48 gold pieces
 19541 | D:11     | Bought a scroll of magic mapping for 120 gold pieces
 19541 | D:11     | Bought a potion of berserk rage for 80 gold pieces
 20341 | Orc:1    | Entered Level 1 of the Orcish Mines
 21040 | Orc:1    | Found Xunliv's General Store.
 21042 | Orc:1    | Found Rus Byn's Specific Store.
 21307 | Orc:2    | Entered Level 2 of the Orcish Mines
 21307 | Orc:2    | Found Taliobuqo's General Store.
 21457 | Orc:2    | Noticed an orc warlord
 21781 | Orc:2    | Killed an orc warlord
 21830 | Orc:2    | Reached skill level 5 in Throwing
 21954 | Orc:2    | Found Veysust's Antique Weapon Shoppe.
 22067 | Orc:2    | Found a staircase to the Elven Halls.
 22071 | Orc:2    | Found Fatheadd's Antique Armour Boutique.
 22177 | Orc:2    | Found Ragacor's Jewellery Shoppe.
 22318 | Orc:1    | Bought a scroll of identify for 30 gold pieces
 22318 | Orc:1    | Bought a scroll of fear for 60 gold pieces
 22322 | Orc:1    | Bought a potion of might for 60 gold pieces
 22366 | Orc:2    | Bought a wand of charming (5) for 180 gold pieces
 22366 | Orc:2    | Bought a wand of roots (3) for 108 gold pieces
 22366 | Orc:2    | Bought 2 potions of invisibility for 240 gold pieces
 22462 | D:5      | Bought a scroll of teleportation for 96 gold pieces
 23103 | Orc:2    | Bought a scroll of enchant armour for 112 gold pieces
 24322 | D:6      | Killed hbarley's ghost
 25012 | D:14     | Reached XP level 15. HP: 109/132 MP: 15/15
 25066 | D:14     | Found a gate to the Vaults.
 25656 | D:14     | Identified the +5 scale mail of the Sturgeon {rC+ rCorr
                  | Str-4}
 26009 | Orc:2    | Bought a ring of positive energy for 240 gold pieces
 26167 | Spider:1 | Entered Level 1 of the Spider Nest
 27329 | Spider:1 | You fall into a shaft and drop 1 floor!
 28937 | Spider:2 | Noticed an emperor scorpion
 28962 | Spider:2 | Killed an emperor scorpion
 29519 | Spider:2 | Reached skill level 15 in Fighting
 29599 | Spider:2 | Noticed an emperor scorpion
 29616 | Spider:2 | HP: 6/141 [something (9)]
 30124 | Orc:2    | Bought a ring of resist corrosion for 240 gold pieces
 30315 | Swamp:1  | Entered Level 1 of the Swamp
 30589 | Swamp:1  | Reached skill level 15 in Armour
 31026 | Swamp:1  | Noticed Donald
 31034 | Swamp:1  | Killed Donald
 31035 | Swamp:1  | Reached XP level 16. HP: 149/149 MP: 16/16
 33119 | Swamp:4  | Entered Level 4 of the Swamp
 33448 | Swamp:4  | Reached skill level 10 in Throwing
 34057 | Swamp:4  | Noticed Aizul
 34109 | Swamp:4  | Killed Aizul
 34437 | Swamp:4  | Identified the +4 broad axe of Hahunk {speed, Str+5 Stlth+}
 34675 | Swamp:4  | Noticed the 27-headed Lernaean hydra
 34683 | Swamp:4  | Killed the 27-headed Lernaean hydra
 34815 | Swamp:4  | Got a decaying rune of Zot
 34926 | Swamp:4  | Found a runed translucent gate.
 34926 | Swamp:4  | Found a runed translucent gate.
 34926 | Swamp:4  | Found a runed translucent gate.
 34930 | Swamp:4  | Noticed Fumiod's ghost (adept DjFE)
 35149 | Vaults:1 | Entered Level 1 of the Vaults
 35337 | Vaults:1 | Reached XP level 17. HP: 154/161 MP: 17/17
 35775 | Vaults:1 | Reached skill level 15 in Shields
 36091 | Vaults:1 | Identified a scroll of acquirement
 36091 | Vaults:1 | Acquired 727 gold pieces
 38372 | Vaults:2 | Found a staircase to the Crypt.
 38895 | Vaults:2 | Reached XP level 18. HP: 125/172 MP: 18/20
 39113 | Vaults:3 | Reached skill level 5 in Invocations
 39242 | Vaults:3 | Acquired the +5 cloak "Keul" {Drain Fly Dex+2}
 39934 | Vaults:3 | Found the +8 whip "Snakebite" {venom, curare, rPois}
 40569 | Vaults:3 | Reached skill level 10 in Evocations
 41317 | Vaults:4 | Reached skill level 10 in Invocations
 41386 | Vaults:4 | Identified the +5 falchion "Budy" {flame, Fly rF+ rC+}
 42154 | Vaults:4 | Reached XP level 19. HP: 141/179 MP: 26/26
 42411 | Vaults:4 | Found Jegruqae's Jewellery Shop.
 42419 | Vaults:4 | Bought the ring "Miexinerr" {AC+4 Dex+3} for 788 gold
                  | pieces
 42419 | Vaults:4 | Bought a ring of protection from fire for 400 gold pieces
 42599 | Vaults:4 | Identified the +3 leather armour of Tyiphax {-Cast rPois
                  | rC+ SInv}
 42677 | Vaults:4 | Identified the ring of Meunleit {Will- EV+5 Int+3 SInv}
 44024 | Orc:2    | Bought a scroll of enchant armour for 112 gold pieces
 44943 | Spider:3 | Identified the +6 triple sword "Tauplaan" {chaos, Dex+3}
 44943 | Spider:3 | Noticed Qyphoemu's ghost (adept GnTm)
 44943 | Spider:3 | Found a runed translucent door.
 44943 | Spider:3 | Found a shimmering altar of Xom.
 45763 | Spider:4 | Entered Level 4 of the Spider Nest
 46356 | Spider:4 | Noticed Arachne
 46436 | Spider:4 | Killed Arachne
 48050 | Spider:4 | Noticed Bai Suzhen
 48089 | Spider:4 | Killed Bai Suzhen
 48230 | Spider:4 | Got a gossamer rune of Zot
 48618 | Orc:1    | Bought a lightning rod (4/4) for 450 gold pieces
 48832 | D:15     | Entered Level 15 of the Dungeon
 48983 | D:15     | Found a frozen archway.
 50288 | D:15     | Found a staircase to the Depths.
 50404 | Depths:1 | Entered Level 1 of the Depths
 50538 | Depths:1 | Found Iqugoun's Book Shop.
 50618 | Depths:1 | Reached XP level 20. HP: 155/187 MP: 27/27
 50673 | Depths:1 | Noticed Asterion
 50691 | Depths:1 | Killed Asterion
 50729 | Depths:1 | Found a magical portal.
 50742 | WizLab   | Entered The Hall of the Hellbinder
 51317 | WizLab   | Noticed Joacixt
 51328 | WizLab   | Killed Joacixt the Hellbinder
 51333 | WizLab   | Found a burning altar of Makhleb.
 51344 | WizLab   | Got Dispater's Enchiridion on the Gathering
 51346 | WizLab   | Identified the amulet of Ekoipy Gaho {RegenMP Int+3 Dex+3}
 51347 | WizLab   | Identified the ring "Isionof" {rN+ Will- MP+9 Dex+5}
 52026 | Depths:1 | Reached skill level 10 in Dodging
 52900 | Depths:2 | Paralysed by a vampire knight for 3 turns
 53199 | Depths:2 | Found a one-way gate leading to the halls of Pandemonium.
 53420 | Depths:2 | Found a portal to a secret trove of treasure.
 53448 | Depths:2 | Identified the +7 chain mail of Recklessness {rElec Regen+
                  | Str+5 Slay-4}
 53978 | Depths:2 | Found a white marble altar of Elyvilon.
 54059 | Depths:2 | Noticed a doom hound
 54440 | Depths:1 | Reached XP level 21. HP: 42/171 MP: 20/28
 54586 | Depths:3 | Found Doptiug's Armour Shoppe.
 55266 | Depths:3 | Gained mutation: Your magical capacity is low. (-10% MP) [a
                  | neqoxec]
 55573 | Depths:3 | Found a corrupted altar of Lugonu.
 55574 | Depths:3 | Found a one-way gate to the infinite horrors of the Abyss.
 55753 | Depths:3 | Noticed a golden dragon
 55753 | Depths:3 | Noticed a juggernaut
 55759 | Depths:3 | Reached skill level 15 in Throwing
 56200 | Depths:4 | Entered Level 4 of the Depths
 56774 | Depths:4 | Noticed Sojobo
 56788 | Depths:3 | Killed Sojobo
 56986 | Depths:3 | Killed a golden dragon
 57420 | Depths:4 | Found a gate to the Realm of Zot.
 57822 | Depths:4 | Found a one-way gateway to a ziggurat.
 58222 | Depths:3 | Found Doptiug's Armour Shoppe.
 58687 | Depths:2 | Noticed Jory
 58709 | Depths:2 | Killed Jory
 58892 | Depths:2 | Reached XP level 22. HP: 199/200 MP: 26/26
 58994 | Depths:2 | Noticed Saint Roka
 59084 | Depths:2 | Killed Saint Roka
 59139 | Depths:2 | Found a basalt altar of Yredelemnul.
 59146 | Depths:2 | Identified the +0 scale mail of Qatzyoni {Str+3 Dex+4
                  | Slay+5}
 59397 | Depths:2 | Found a portal to a secret trove of treasure.
 59504 | Depths:2 | Found a white marble altar of Elyvilon.
 59614 | Depths:2 | Found a basalt altar of Yredelemnul.
 60206 | Vaults:5 | Entered Level 5 of the Vaults
 60454 | Vaults:5 | Identified the amulet "Feheusch" {Spirit Fly rCorr Str-2
                  | Dex+3}
 60512 | Abyss:3  | Cast into level 3 of the Abyss (a deep elf demonologist)
 60917 | Vaults:5 | Escaped the Abyss
 61027 | Vaults:5 | Identified the +3 morningstar of Eternal Night {freeze,
                  | Str+6 Dex-2}
 61196 | Vaults:5 | Noticed a golden dragon
 61208 | Vaults:5 | Killed a golden dragon
 61259 | Vaults:5 | Noticed a dread lich
 61576 | Vaults:5 | Noticed Frederick
 61590 | Vaults:5 | Killed Frederick
 61723 | Vaults:5 | Noticed Boris
 61742 | Vaults:5 | Killed Boris
 61840 | Vaults:5 | Paralysed by a dread lich for 5 turns
 61846 | Vaults:5 | Killed a dread lich
 61857 | Vaults:5 | Identified the amulet "Itypag" {Regen+ Dex+4}
 62120 | Vaults:5 | Reached XP level 23. HP: 189/220 MP: 27/27
 62794 | Vaults:5 | Got a silver rune of Zot
 64384 | Crypt:1  | Entered Level 1 of the Crypt
 64730 | Crypt:1  | Noticed Xtahua
 64749 | Crypt:1  | Killed Xtahua
 64766 | Crypt:1  | Noticed Boris
 64787 | Crypt:1  | Killed Boris
 65238 | Crypt:3  | Entered Level 3 of the Crypt
 66148 | Elf:1    | Entered Level 1 of the Elven Halls
 66711 | Elf:1    | Found a runed translucent gate.
 66711 | Elf:1    | Found a runed translucent gate.
 66711 | Elf:1    | Found a runed translucent gate.
 66711 | Elf:1    | Found a runed translucent gate.
 66711 | Elf:1    | Found a runed translucent gate.
 66713 | Elf:1    | Found a runed translucent gate.
 66732 | Elf:1    | Got the Anthology of Venin and the Wendigo
 66782 | Elf:1    | You are sucked into a shaft and drop 1 floor!
 66782 | Elf:2    | Found the +10 zealot's sword {holy, Zealotry, *Rage rN+
                  | EV+3}
 66969 | Elf:2    | Found a runed translucent gate.
 66969 | Elf:2    | Found a runed translucent gate.
 66970 | Elf:2    | Found a runed translucent gate.
 67276 | Elf:2    | Identified the +6 chain mail of Wotzaugh {Will+ rCorr SInv}
 67696 | Elf:2    | Got the Octavo of the Shift and Hexing
 68160 | Elf:1    | Reached skill level 15 in Evocations
 68400 | Elf:3    | Entered Level 3 of the Elven Halls
 68737 | Elf:3    | Reached XP level 24. HP: 229/231 MP: 27/27
 68744 | Elf:3    | Found an ancient bone altar of Kikubaaqudgha.
 69362 | Elf:3    | Paralysed by an air elemental for 1 turns
 69724 | Elf:3    | Got the Teachings on Felsic Transmogrification
 69890 | Elf:3    | Got the Papyrus of Transposition and the Atmosphere
 69895 | Elf:3    | Identified the +8 plate armour of Liberalism {rCorr}
 69901 | Elf:3    | Got Muinow's Collected Works on Causimancy
 71462 | Crypt:3  | Found an ancient bone altar of Kikubaaqudgha.
 71837 | Crypt:3  | Found a staircase to the Tomb.
 72053 | Crypt:3  | Noticed Zenata
 72069 | Crypt:3  | Killed Zenata
 72648 | Crypt:3  | Noticed a dread lich
 72674 | Crypt:3  | Killed a dread lich
 72697 | Crypt:3  | Noticed an ancient lich
 72697 | Crypt:3  | Noticed a dread lich
 72711 | Crypt:3  | Killed an ancient lich
 72725 | Crypt:3  | Killed a dread lich
 72753 | Crypt:3  | Identified the ring "Ytrigh" {Fly rN+ Int+3}
 72753 | Crypt:3  | Identified the ring "Tosun" {*Corrode rPois rN+ Dex+6}
 72759 | Crypt:3  | Got the Guide on Lethal Anthracomancy
 73271 | Zot:1    | Entered Level 1 of the Realm of Zot
 74045 | Zot:1    | Reached XP level 25. HP: 242/243 MP: 27/27
 74236 | Zot:1    | Noticed Parghit
 74321 | Zot:1    | Killed Parghit
 74559 | Zot:1    | Identified the ring of Neagoari {rC- rCorr Str+6 Dex+6}
 75001 | Zot:2    | Noticed an orb of fire
 75010 | Zot:1    | Gained mutation: Your body sometimes deteriorates upon
                  | taking damage. [an orb of fire]
 75018 | Zot:1    | Killed an orb of fire
 75396 | Zot:3    | Noticed an orb of fire
 75399 | Zot:3    | Gained mutation: You occasionally shout uncontrollably at
                  | your foes. [an orb of fire]
 75404 | Zot:3    | Killed an orb of fire
 75408 | Zot:3    | Noticed a Killer Klown
 75481 | Zot:2    | Lost mutation: You occasionally shout uncontrollably at
                  | your foes. [potion of mutation]
 75481 | Zot:2    | Lost mutation: Your body sometimes deteriorates upon taking
                  | damage. [potion of mutation]
 75481 | Zot:2    | Gained mutation: You are covered in fur. (AC +1) [potion of
                  | mutation]
 75481 | Zot:2    | Gained mutation: You have a pair of large horns on your
                  | head. [potion of mutation]
 75481 | Zot:2    | Gained mutation: You are weak. (Str -2) [potion of
                  | mutation]
 75481 | Zot:2    | Gained mutation: Your skin changes colour to match your
                  | surroundings (Stealth+). [potion of mutation]
 75590 | Zot:3    | a Killer Klown changed into a golden dragon
 76053 | Zot:5    | Entered Level 5 of the Realm of Zot
 76377 | Zot:5    | Noticed an orb of fire
 76382 | Zot:5    | Gained mutation: You occasionally shout uncontrollably at
                  | your foes. [an orb of fire]
 76384 | Zot:5    | Gained mutation: You are very weak. (Str -4) [an orb of
                  | fire]
 76385 | Zot:5    | Gained mutation: You occasionally lose the ability to drink
                  | potions when taking damage. [an orb of fire]
 76387 | Zot:5    | Killed an orb of fire
 76408 | Zot:5    | Lost mutation: You are very weak. (Str -4) [potion of
                  | mutation]
 76408 | Zot:5    | Lost mutation: You occasionally lose the ability to drink
                  | potions when taking damage. [potion of mutation]
 76408 | Zot:5    | Gained mutation: You do not regenerate when monsters are
                  | visible. [potion of mutation]
 76409 | Zot:5    | Lost mutation: You occasionally shout uncontrollably at
                  | your foes. [potion of mutation]
 76409 | Zot:5    | Lost mutation: You are weak. (Str -2) [potion of mutation]
 76409 | Zot:5    | Lost mutation: You have a pair of large horns on your head.
                  | [potion of mutation]
 76409 | Zot:5    | Lost mutation: Your magical capacity is low. (-10% MP)
                  | [potion of mutation]
 76409 | Zot:5    | Gained mutation: You are clumsy. (Dex -2) [potion of
                  | mutation]
 76409 | Zot:5    | Gained mutation: Your spells are a little easier to cast,
                  | but a little less powerful. [potion of mutation]
 76409 | Zot:5    | Lost mutation: You do not regenerate when monsters are
                  | visible. [potion of mutation]
 76694 | Zot:5    | Reached XP level 26. HP: 244/258 MP: 30/30
 76826 | Zot:5    | Noticed an ancient lich
 76846 | Zot:5    | Killed an ancient lich
 77373 | Zot:5    | Noticed a dread lich
 77382 | Zot:5    | Noticed an orb of fire
 77386 | Zot:5    | Noticed an ancient lich
 77389 | Zot:5    | Killed an orb of fire
 77394 | Zot:5    | Killed a dread lich
 77414 | Zot:5    | Killed an ancient lich
 77650 | Zot:5    | Noticed an ancient lich
 77670 | Zot:5    | Killed an ancient lich
 78012 | Zot:5    | Noticed an ancient lich
 78022 | Zot:5    | Noticed an orb of fire
 78025 | Zot:5    | Noticed an ancient lich
 78026 | Zot:5    | Killed an ancient lich
 78026 | Zot:5    | Gained mutation: Your system is resistant to poisons.
                  | (rPois) [an orb of fire]
 78026 | Zot:5    | Noticed a dread lich
 78028 | Zot:5    | Gained mutation: You are very clumsy. (Dex -4) [an orb of
                  | fire]
 78029 | Zot:5    | Killed a dread lich
 78030 | Zot:5    | Gained mutation: You are frail. (-10% HP) [an orb of fire]
 78033 | Zot:5    | Killed an orb of fire
 78039 | Zot:5    | Killed an ancient lich
 78166 | Zot:5    | Got the Orb of Zot
 78172 | Zot:5    | Noticed an orb of fire
 78176 | Zot:5    | Gained mutation: You are very frail. (-20% HP) [an orb of
                  | fire]
 78201 | Zot:5    | Killed an orb of fire
 78582 | D:12     | Noticed Ette the pandemonium lord
 78650 | D:9      | Noticed Qyosch Qoigeu the pandemonium lord
 78661 | D:8      | Gained mutation: Your body sometimes deteriorates upon
                  | taking damage. [a cacodemon]
 78786 | D:1      | Noticed Itiradog the pandemonium lord
 78855 | D:$      | Escaped with the Orb!

Illustrated notes

Levels and vault maps discovered:
D:1:      dpeg_arrival_lava_altar, layout_basic, basic_ecumenical_altar
D:2:      layout_basic, serial_shops, nicolae_shop_crystal,
          nicolae_shop_hallway_stairs
D:3:      layout_loops_ring, lemuel_coloured_pillars_altar,
          mainiacjoe_overflow_alcove_2
D:4:      layout_loops_ring, old_standard_altar
D:5:      minmay_clustersquares, layout_basic, serial_shops,
          nicolae_square_shop, minmay_misc_feat_chi, serial_park_tiny_1,
          lemuel_flamethrower_1, uniq_duvessa, uniq_grinder, uniq_menkaure
D:6:      layout_rooms, minmay_temple_entry_gardened_gates,
          gammafunk_ghost_stat_death, grunt_decor_arrowhead, uniq_blork_the_orc
D:7:      layout_loops_ring
D:8:      minmay_s_stair_smasher, layout_basic,
          mainiacjoe_overflow_six_doors_small, uniq_psyche, uniq_maggie,
          uniq_pikel
D:9:      kennysheep_six_static_rooms, layout_rooms,
          nicolae_shop_i_like_big_books, corexii_checkpoint_b, st_stairs_3
D:10:     layout_loops_cross
D:11:     layout_irregular_city, erik_lair_orcish_takeover, serial_shops,
          nicolae_take_the_stairs
D:12:     layout_grid_maze, serial_shops, nicolae_shop_statue_plus,
          serial_demonic, serial_demonic_b, serial_demonic_a, serial_demonic_g,
          serial_demonic_d
D:13:     layout_cave_pools
D:14:     layout_loops_ring, david_vaults_2, nrook_mini_backslash
D:15:     hangedman_depths_entry_try_elsewhere_first, layout_loops_cross,
          portal_ice_cave_entry_frozen_things, minivault_14, library_closet,
          hangedman_batty
Temple:   regret_index_temple_chain_breaker
Lair:1:   layout_chaotic_city, gammafunk_ghost_arena, lemuel_fruit_tree,
          uniq_amaemon
Lair:2:   layout_gridlike, hellmonk_spider_entry_not_the_bees
Lair:3:   layout_regular_city, palyth_hydra_swamp_entry
Lair:4:   layout_regular_city, minmay_slime_entry_pillars, serial_bayou_shore_a
Lair:5:   evil_forest, layout_regular_city, uniq_kirke
Swamp:1:  layout_basic_swamp, evilmike_swamp_ruin_house_4, uniq_donald
Swamp:2:  layout_basic_swamp, evilmike_swamp_ruin_house_6, hangedman_swamp_cone,
          swamp_pool4, infiniplex_staircase_pool
Swamp:3:  layout_basic_swamp, nicolae_swamp_small_spring,
          infiniplex_staircase_pool_2
Swamp:4:  grunt_swamp_rune_castle, layout_basic_swamp,
          ebering_ghost_rock_garden, uniq_aizul
Spider:1: layout_spider_delve, nicolae_spider_shape
Spider:2: nicolae_spider_hall_of_the_moth_king,
          hangedman_spider_tarantella_strand
Spider:3: layout_spider_delve, ebering_ghost_xom, nicolae_spider_spiderdrome
Spider:4: grunt_spider_rune_parallel, uniq_arachne, uniq_bai_suzhen
Orc:1:    minmay_goldmine, layout_caves, basic_altar,
          hellmonk_bongcloud_opening, nicolae_specific_store, mines1_david
Orc:2:    grunt_orc_gardens, layout_caves, grunt_orc_garden, grunt_orc_garden,
          grunt_orc_garden, grunt_orc_garden
Elf:1:    nicolae_elf_arrival_aired_out, layout_gridlike, orc_legates,
          grunt_megastairs_4
Elf:2:    elven_hall_of_blades_hangedman_original
          [nicolae_blade_entry_diamond_columns], layout_loops_ring,
          kilobyte_mutagenic_chamber
Elf:3:    elf_hall, layout_geoelf_diagonals, basic_altar, grunt_ministairs_9
Vaults:1: v_misc_33, vaults_standard_mumra_x, v_misc_9,
          nicolae_vaults_ring_of_whatevers, ontoclasm_vaults_eye,
          v_alt_pattern_6, ontoclasm_vaults_pinch, vaults_room_pool,
          nicolae_vaults_three_branches, nicolae_vaults_big_angled_halls,
          nicolae_vaults_asterisk, nicolae_vaults_little_squares_2,
          vaults_room_pool, layout_vaults_omnicross
Vaults:2: vaults_dpeg_doors, minmay_crypt_entry_simple_statues, v_alt_pattern_5,
          v_misc_28, v_alt_pattern_2, v_pattern_1,
          nicolae_vaults_network_square, v_misc_4, vaults_dpeg_ring,
          ontoclasm_vaults_gateway, layout_vaults_big_room
Vaults:3: ontoclasm_vaults_decontamination, ontoclasm_vaults_twist, v_misc_30,
          grunt_vaults_hallway_short, vaults_room_boxed,
          nicolae_vaults_angled_halls, vaults_mumra_chevron_long,
          nicolae_vaults_little_squares_6, v_rooms_5,
          nicolae_vaults_windows_and_doors_thing, v_misc_23, vaults_room_pools,
          layout_vaults_ring
Vaults:4: hangedman_vaults_restitches, ontoclasm_vaults_gallery, v_pattern_4,
          v_misc_5, vaults_room_semicircle, layout_vaults_omnigrid,
          serial_shops, nicolae_diamond_shop
Vaults:5: uniq_frederick, uniq_boris
Crypt:1:  layout_basic, grunt_crypt_arrival_webbed, uniq_xtahua
Crypt:2:  layout_chaotic_city, nicolae_crypt_small_crypt, lemuel_elevator
Crypt:3:  david_glass_crypt, layout_gridlike, nicolae_tomb_entry_grand_gallery,
          basic_altar, grunt_megastairs_2, uniq_zenata
Depths:1: layout_cave_pools, mu_enter_wizlab_5, hell_entry, hex_medium,
          serial_shops, nicolae_shop_temple_entry_statues_fountains,
          st_stairs_4, drop_trap, chequers_serial_rivers_large_b,
          nicolae_titane, uniq_asterion
Depths:2: lemuel_vampire_tower, layout_long_grid, nicolae_trove_entry_isolated,
          rand_demon_pan_entry_9, pf_coc_iceberg, elyvilon_altar_1,
          uniq_saint_roka
Depths:3: minmay_broken_ring, layout_long_grid, serial_glass, glass_columns_b,
          glass_columns_a, grunt_hell_entry_demonic_statue,
          rand_demon_pan_entry_1, serial_shops, shop, abyss_entry_flame_altar,
          nrook_kobold_shadow_demons
Depths:4: grunt_x_marks_the_spot, layout_cave_pools, enter_ziggurat_b,
          abyss_entry, nicolae_figureground_pulse, hell_entry, uniq_sojobo,
          uniq_jory
Zot:1:    lemuel_acid_trip, layout_cathedral_of_symmetry, uniq_parghit
Zot:2:    kennysheep_blocky_room, layout_onion_interference
Zot:3:    layout_basic, lemuel_elevator
Zot:4:    layout_gridlike
Zot:5:    layout_misc_corridors, lemuel_golem_globe

Skill      XL: |  1  2  3  4  5  6  7  8  9 10 11 12 13 14 15 16 17 18 19 20 21 22 23 24 25 26 |
---------------+-------------------------------------------------------------------------------+-----
Axes           | 3 4 5 6 12 13 16 18 | 18.3
Maces & Flails | 2 5 6 8 12 13 | 13.4
Fighting       | 5 6 8 11 12 15 17 18 19 20 21 22 23 25 26 | 26.4
Armour         | 6 7 11 12 15 16 17 19 21 22 24 25 26 | 26.0
Dodging        | 4 5 6 9 10 11 12 13 | 13.0
Evocations     | 3 5 6 8 10 13 14 15 | 15.0
Throwing       | 1 3 7 10 11 13 16 19 20 | 20.0
Shields        | 8 10 11 13 14 15 16 19 20 21 22 | 22.0
Invocations    | 2 4 11 | 11.0

Action                     |  1- 3 |  4- 6 |  7- 9 | 10-12 | 13-15 | 16-18 | 19-21 | 22-24 | 25-27 || total
---------------------------+-------+-------+-------+-------+-------+-------+-------+-------+-------++-------
  Melee: War axe           |    86 |    44 |     1 |   381 |   100 |       |       |       |       ||   612
         Headbutt          |    10 |    10 |    39 |   106 |   263 |   356 |   654 |   700 |   349 ||  2487
         Flail             |       |    46 |   244 |   161 |    30 |    45 |       |       |       ||   526
         Unarmed           |       |    10 |       |       |       |       |       |       |       ||    10
         Broad axe         |       |       |       |       |   874 |  1080 |  1810 |  2053 |   977 ||  6794
   Fire: Sling             |     8 |    33 |    39 |    38 |       |       |       |       |       ||   118
  Throw: Dart              |       |     3 |    19 |    71 |    69 |     2 |    20 |       |       ||   184
         Stone             |       |       |     2 |       |       |       |       |       |       ||     2
         Boomerang         |       |       |       |     7 |    88 |   122 |    77 |    41 |    32 ||   367
         Javelin           |       |       |       |       |     4 |    10 |    16 |    13 |    36 ||    79
 Invoke: Shadow Step       |       |       |       |       |       |       |     2 |       |       ||     2
         Shadow Form       |       |       |       |       |       |       |     2 |       |       ||     2
  Evoke: Wand              |       |       |    17 |     5 |    12 |     7 |    13 |     9 |    11 ||    74
         Condenser vane    |       |       |       |       |     1 |     4 |     4 |     3 |     1 ||    13
         Box of beasts     |       |       |       |       |       |       |     2 |       |       ||     2
         Lightning rod     |       |       |       |       |       |       |       |     1 |       ||     1
         Tin of tremorston |       |       |       |       |       |       |       |     4 |     3 ||     7
         Phantom mirror    |       |       |       |       |       |       |       |     2 |     1 ||     3
    Use: Scroll            |     3 |     2 |     3 |    10 |    12 |     9 |     8 |     7 |    11 ||    65
         Potion            |       |     1 |     2 |     5 |     8 |     3 |     3 |     2 |    13 ||    37
   Stab: Distracted        |       |       |       |     2 |     1 |     1 |     2 |     3 |     2 ||    11
         Invisible         |       |       |       |       |     7 |       |     4 |     1 |       ||    12
         Confused          |       |       |       |       |       |     2 |       |       |       ||     2
         Paralysed         |       |       |       |       |       |       |       |     1 |       ||     1
 Armour: Scale mail        |    30 |    39 |    81 |    76 |       |       |       |       |       ||   226
         Plate armour      |       |       |       |   105 |   533 |   485 |    35 |       |       ||  1158
         Gold dragon scale |       |       |       |       |       |       |   559 |   460 |   334 ||  1353
         Skin              |       |       |       |       |       |       |       |     2 |       ||     2
  Dodge: Dodged            |    28 |    33 |    95 |   170 |   369 |   340 |   447 |   325 |   263 ||  2070
  Block: Buckler           |    14 |    20 |    61 |     9 |       |       |       |       |       ||   104
         Kite shield       |       |       |       |   241 |   596 |   490 |   704 |   674 |   409 ||  3114
         Reflection        |       |       |       |       |       |    30 |    14 |    50 |     8 ||   102

Table legend: (Time is in decaauts)
 A = Elapsed time spent in this place.
 B = Non-inter-level travel time spent in this place.
 C = Inter-level travel time spent in this place.
 D = Time resting spent in this place.
 E = Time spent auto-exploring this place.
 F = Levels seen in this place.
 G = Mean time per level.
                   A        B        C        D        E       F      G
               +--------+--------+--------+--------+--------+-----+--------+
         Total |  76018 |  63460 |  12558 |  21799 |  28576 |  53 | 1434.3 |
       Dungeon |  19309 |  14936 |   4373 |   3789 |   8456 |  15 | 1287.3 |
        Temple |     29 |     14 |     15 |      0 |      7 |   1 |   29.0 |
          Lair |   9970 |   7894 |   2076 |   3345 |   3352 |   5 | 1994.0 |
         Swamp |   4924 |   4559 |    365 |   2266 |   1464 |   4 | 1231.0 |
   Spider Nest |   7264 |   6546 |    718 |   3368 |   1995 |   4 | 1816.0 |
  Orcish Mines |   2450 |   1812 |    638 |    460 |   1019 |   2 | 1225.0 |
   Elven Halls |   3643 |   3457 |    186 |    750 |   1776 |   3 | 1214.3 |
        Vaults |  11400 |   9383 |   2017 |   3152 |   4613 |   5 | 2280.0 |
         Crypt |   3700 |   3135 |    565 |    686 |   1685 |   3 | 1233.3 |
        Depths |   7751 |   6961 |    790 |   1753 |   3622 |   4 | 1937.8 |
           Zot |   4561 |   3750 |    811 |   1908 |    409 |   5 |  912.2 |
         Abyss |    345 |    345 |      0 |     95 |      0 |   1 |  345.0 |
        Wizlab |    666 |    666 |      0 |    223 |    177 |   1 |  666.0 |
               +--------+--------+--------+--------+--------+-----+--------+

Top non-repeatable levels by time:
Vaults:5: 2800 daAuts
  Lair:1: 2668 daAuts
Depths:2: 2649 daAuts
Spider:4: 2501 daAuts
Depths:3: 2413 daAuts
    D:12: 2410 daAuts
Vaults:1: 2283 daAuts
Vaults:2: 2231 daAuts
Vaults:3: 2195 daAuts
Spider:2: 2139 daAuts
  Lair:2: 2100 daAuts
    D:11: 1954 daAuts
   Zot:5: 1924 daAuts
Vaults:4: 1890 daAuts
     D:8: 1794 daAuts
